 Dungeon Crawl Stone Soup version 0.25-a0-576-g50b708a4c4 (webtiles) character file.

Game seed: 14871711226214818419, levelgen mode: deterministic

217392 Flugslaktarn the Severer (level 17, -10/164 HPs)
             Began as a Deep Dwarf Fighter on Mar 1, 2020.
             Was the Champion of Makhleb.
             Shot with a bolt by a yaktaur (16 damage)
             ... led by a yaktaur captain
             ... on level 3 of the Vaults.
             The game lasted 00:15:35 (15461 turns).

Flugslaktarn the Severer (Deep Dwarf Fighter)      Turns: 15461, Time: 00:15:35

Health: -10/164    AC: 33    Str: 25    XL:     17   Next: 94%
Magic:  3/3        EV:  9    Int: 11    God:    Makhleb [******]
Gold:   1250       SH: 15    Dex: 18    Spells: 16/16 levels left

rFire    . . .     SeeInvis +   P - +5 broad axe
rCold    + + +     Gourm    .   c - +0 kite shield
rNeg     + . .     Faith    .   L - +9 chain mail of the Unbroken {+Blink rF- Regen+ Dex+6}
rPois    .         Spirit   .   C - +0 hat "Ypadd" {+Inv rC+++ MR- Regen+}
rElec    +         Reflect  .   m - +2 cloak
rCorr    .         Harm     .   B - +2 pair of gloves of Gebifu Imeab {rElec rF+ Stlth+}
MR       +....                  y - +2 pair of boots {Stlth+}
Stlth    +.........             (no amulet)
HPRegen  0.00/turn              i - ring of see invisible
MPRegen  0.08/turn              (no ring)

@: marked, non-regenerating
A: damage resistance, heal wounds, negative energy resistance 1, sense
surroundings 2, no regeneration
}: 2/15 runes: serpentine, barnacled
a: Heal Wounds, Minor Destruction, Lesser Servant of Makhleb, Major Destruction,
Greater Servant of Makhleb, Renounce Religion, Evoke Blink, Evoke Invisibility


You were on level 3 of the Vaults.
You worshipped Makhleb.
Makhleb was exalted by your worship.
You were not hungry.

You visited 6 branches of the dungeon, and saw 31 of its levels.

You collected 1390 gold pieces.
You spent 140 gold pieces at shops.

Inventory:

Hand Weapons
 a - a +2 war axe of venom
   (You took it off an orc on level 5 of the Dungeon)
 b - the +12 Vampire's Tooth {vamp}
   (You found it on level 10 of the Dungeon)

   It inflicts no extra harm, but heals its wielder when it wounds a living foe.
 P - a +5 broad axe (weapon)
   (You took it off Urug on level 3 of the Lair of Beasts)
Missiles
 D - 6 throwing nets (quivered)
Armour
 c - a +0 kite shield (worn)
 k - a +2 helmet
   (You took it off Robin on level 2 of the Dungeon)
 m - a +2 cloak (worn)
   (You found it on level 4 of the Dungeon)
 x - a +1 pair of gloves
   (You found it on level 5 of the Dungeon)
 y - a +2 pair of boots of stealth (worn)
   (You found it on level 4 of the Dungeon)
 B - the +2 pair of gloves of Gebifu Imeab (worn) {rElec rF+ Stlth+}
   (You found it on level 11 of the Dungeon)

   It protects you from fire.
   It insulates you from electricity.
   It makes you more stealthy.
   If you remove this armour, your AC will decrease by 3 (33 -> 30).
 C - the +0 hat "Ypadd" (worn) {+Inv rC+++ MR- Regen+}
   (You found it on level 10 of the Dungeon)

   It renders you almost immune to cold.
   It affects your resistance to hostile enchantments.
   It lets you turn invisible.
   It increases your rate of regeneration.
   If you remove this armour, your AC will remain unchanged.
 I - a +2 chain mail of magic resistance
   (You took it off Edmund on level 6 of the Dungeon)
 L - the +9 chain mail of the Unbroken (worn) {+Blink rF- Regen+ Dex+6}
   (You found it on level 12 of the Dungeon)

   It affects your dexterity (+6).
   It makes you vulnerable to fire.
   It lets you blink.
   It increases your rate of regeneration.
   If you remove this armour, your AC will decrease by 22 (33 -> 11).
Jewellery
 i - a ring of see invisible (left hand)
   (You found it on level 3 of the Dungeon)
 O - an uncursed ring of stealth
   (You found it on level 5 of the Dungeon)
Wands
 f - a wand of iceblast (13)
   (You found it on level 3 of the Dungeon)
 g - a wand of acid (14)
   (You found it on level 5 of the Dungeon)
 u - a wand of scattershot (8)
   (You found it on level 2 of the Lair of Beasts)
 G - a wand of paralysis (26)
   (You found it on level 13 of the Dungeon)
Scrolls
 t - 10 scrolls of teleportation
 z - 3 scrolls of blinking
 A - 9 scrolls of remove curse
 J - 4 scrolls of fog
Potions
 d - a potion of might
 j - 3 potions of brilliance
 l - 2 potions of ambrosia
 n - 2 potions of resistance
 o - 3 potions of berserk rage
 p - a potion of stabbing
 v - a potion of cancellation
 w - 2 potions of heal wounds
 F - 7 potions of flight
 M - 2 potions of mutation
 N - a potion of invisibility {unknown}
Comestibles
 e - 38 rations
 h - 43 chunks of flesh


   Skills:
 + Level 13.4 Fighting
 - Level 6.2 Short Blades
 * Level 20.5 Axes
 + Level 15.6 Armour
 + Level 15.5 Shields
 - Level 6.8 Invocations


You had 16 spell levels left.
You didn't know any spells.
Your spell library was empty.

Dungeon Overview and Level Annotations

Branches:
Dungeon (15/15)            Temple (1/1) D:6            Lair (4/6) D:9
 Shoals (4/4) Lair:3        Snake (4/4) Lair:2          Orc (0/2) D:12
 Vaults (3/5) D:13         Depths (0/5) D:15
  Crypt: Vaults:2-3

Altars:
Ashenzari
Cheibriados
Dithmenos
Elyvilon
Fedhas
Gozag
Hepliaklqana
Kikubaaqudgha
Makhleb
Nemelex Xobeh
Qazlal
Trog
Uskayaw
Xom
Yredelemnul
Zin
The Shining One

Shops:
D:6 !   Snake:4 (

Annotations:
D:10 Snorg
Lair:2 3 runed translucent doors, Irchumiyd's ghost, journeyman DEAE
Shoals:2 exclusion: oklob plant


Innate Abilities, Weirdness & Mutations

You are resistant to damage.
You can heal yourself by infusing magical energy.
You resist negative energy. (rN+)
You passively map the area around you.
You do not regenerate.


Message History

You block the fire dragon's attack.
The fire dragon tramples you but does no damage.
The yaktaur captain shoots a bolt.
The bolt hits you but does no damage.
The vault sentinel hits you but does no damage.
You feel much better.
The yaktaur shoots a bolt.
You block the bolt.
The yaktaur shoots a bolt.
The bolt barely misses you. You block the fire dragon's attack.
The fire dragon claws you but does no damage.
You block the fire dragon's attack.
The yaktaur captain shoots a bolt.
The bolt hits you but does no damage.
The yaktaur captain shoots a bolt.
The bolt hits you!!
* * * LOW HITPOINT WARNING * * *
The yaktaur shoots a bolt.
The bolt hits you.
The vault sentinel blows a loud note on a signal horn!
You fail to use your ability.
The yaktaur shoots a bolt.
The bolt hits you but does no damage. You block the fire dragon's attack.
The fire dragon claws you but does no damage.
The fire dragon closely misses you.
The yaktaur shoots a bolt.
The bolt hits you!!
You die...

, , , , ,, * , , ,... .
* * ,* , , , ..., .# ,
.... ..# , ### , , .....
...#######.########.....
..............((........
...............(.p......
..............((@D......
........................
......###'####..........
......#......#.....c....
......#......#..ccc.....
*
(.....#......#..........
*
......#......#..c...cc..
......#......#..........
......#......#....... ,
, ,


You could see a fire dragon, 2 yaktaur captains, a vault sentinel and 5
yaktaurs.

Vanquished Creatures
  Vashnia (Snake:3)
  Jorgrun (D:15)
  7 nagarajas (Snake:4)
  Louise (Shoals:4)
  5 ghouls (D:13)
  5 ironheart preservers
  Azrael (D:13)
  A fire dragon (D:15)
  2 yaktaur captains (Vaults:2)
  5 merfolk impalers
  2 merfolk javelineers (Shoals:4)
  Josephine (D:10)
  3 vault guards (D:13)
  Fannar (Lair:3)
  An ice dragon (D:15)
  A rakshasa (Vaults:2)
  6 hydras
  9 anacondas
  8 naga warriors
  A merfolk aquamancer (Shoals:4)
  2 satyrs
  6 ogre magi
  7 centaur warriors
  15 two-headed ogres
  4 death yaks (Lair:3)
  2 deep troll shamans
  12 naga sharpshooters
  A deep troll earth mage (Vaults:1)
  A tengu warrior (D:15)
  Urug (Lair:3)
  Nergalle (D:11)
  9 shock serpents
  7 salamander mystics (Snake:4)
  4 skeletal warriors
  6 sea snakes
  A flayed ghost (Vaults:1)
  12 naga ritualists
  5 deep trolls
  3 lindwurms (Snake:4)
  2 wizards
  3 orc knights
  4 harpies (Shoals:4)
  3 deep elf magi
  2 ironbrand convokers (Vaults:1)
  9 mana vipers
  13 ugly things
  A faun (Shoals:1)
  7 manticores
  4 salamanders
  A merfolk siren (Shoals:4)
  A cyclops (Vaults:2)
  34 black mambas
  3 water nymphs
  3 vault sentinels
  Psyche (D:10)
  12 naga magi
  A gargoyle (D:13)
  5 guardian serpents (Snake:4)
  5 spiny frogs
  A freezing wraith (Vaults:2)
  2 komodo dragons
  2 efreet
  A kobold demonologist (D:15)
  A rime drake (Lair:2)
  A yaktaur (D:15)
  8 merfolk
  A tengu conjurer (D:14)
  3 tyrant leeches (D:10)
  3 trolls
  A wind drake (Shoals:1)
  Grinder (D:5)
  2 hornets
  A raiju (shapeshifter) (Vaults:1)
  9 slime creatures (D:13)
  5 snapping turtles
  11 hippogriffs
  A meliai zombie (D:14)
  Sigmund (D:5)
  41 yaks
  5 water elementals
  A wyvern (D:12)
  5 wraiths
  A yak (shapeshifter) (Vaults:3)
  2 vampires (D:10)
  2 fire elementals (D:13)
  A human (D:8)
  3 hogs (D:8)
  7 basilisks
  4 hungry ghosts
  Menkaure (D:5)
  A steam dragon (Lair:3)
  5 vampire mosquitoes
  Edmund (D:6)
  19 nagas
  A soldier ant (D:14)
  3 acid dragons
  9 water moccasins
  Duvessa (D:4)
  6 hell hounds (D:13)
  4 porcupines (Lair:3)
  6 ice beasts
  8 orc warriors
  4 phantoms
  7 sky beasts
  9 wolves (Lair:3)
  A necrophage (D:7)
  39 centaurs
  19 ogres
  18 crocodiles
  17 bullfrogs
  4 big kobolds
  A gnoll sergeant (D:7)
  A wyvern zombie (D:13)
  Dowan (D:4)
  A wyvern skeleton (D:9)
  3 scorpions
  A human simulacrum (Vaults:2)
  An orc simulacrum (Vaults:2)
  6 killer bees (D:7)
  8 wights
  5 electric eels
  10 crimson imps
  8 centaur zombies
  3 jellies
  4 bullfrog zombies
  5 hounds
  8 orc priests
  3 centaur skeletons
  2 bullfrog skeletons
  3 iron imps (D:9)
  Ijyb (D:4)
  14 worker ants
  7 iguanas
  13 orc wizards
  7 hell rats
  2 hound skeletons
  7 mummies (D:13)
  A worker ant zombie (D:10)
  Robin (D:2)
  8 gnolls
  8 adders
  3 shadow imps
  An ooze (D:2)
  8 leopard geckos
  47 orcs
  3 bats
  2 giant cockroaches
  3 hobgoblins
  7 jackals
  A quokka (D:10)
  8 frilled lizards
  A giant cockroach zombie (D:5)
  10 goblins
  A jackal zombie (D:7)
  24 kobolds
  2 leopard gecko skeletons
  A fungus (Lair:3)
  5 plants
855 creatures vanquished.

Vanquished Creatures (collateral kills)
  2 nagarajas (Snake:4)
  3 naga sharpshooters (Snake:4)
  A lindwurm (Snake:4)
  2 naga magi (Snake:4)
  A naga (Snake:4)
9 creatures vanquished.

Vanquished Creatures (others)
  A fire dragon (Vaults:2)
  A two-headed ogre (D:15)
  A harpy (Shoals:4)
  A tengu conjurer (D:15)
  A shadow (D:15)
  An orc (D:6)
  2 kobolds
  4 fungi (Lair:3)
  5 plants
  2 withered plants (D:13)
19 creatures vanquished.

Grand Total: 883 creatures vanquished

Notes
Turn   | Place    | Note
-------+----------+-------------------------------------------
     0 | D:1      | Flugslaktarn the Deep Dwarf Fighter began the quest for the
                  | Orb.
     0 | D:1      | Reached XP level 1. HP: 20/20 MP: 1/1
   137 | D:2      | Reached XP level 2. HP: 27/27 MP: 2/2
   146 | D:2      | Noticed Robin
   156 | D:2      | Killed Robin
   156 | D:2      | Reached skill level 3 in Axes
   156 | D:2      | Reached XP level 3. HP: 8/34 MP: 3/3
   411 | D:4      | Reached XP level 4. HP: 30/42 MP: 3/3
   451 | D:4      | Reached skill level 4 in Axes
   458 | D:4      | Reached XP level 5. HP: 28/49 MP: 3/3
   544 | D:4      | Noticed a centaur
   545 | D:4      | Found a blossoming altar of Fedhas.
   567 | D:4      | Killed a centaur
   567 | D:4      | Reached XP level 6. HP: 53/57 MP: 4/4
   623 | D:4      | Noticed Dowan
   624 | D:4      | Noticed Duvessa
   644 | D:4      | Killed Duvessa
   644 | D:4      | Reached skill level 5 in Axes
   660 | D:4      | Killed Dowan
   772 | D:4      | Noticed Ijyb
   797 | D:4      | Killed Ijyb
   797 | D:4      | Reached XP level 7. HP: 48/64 MP: 5/5
  1009 | D:4      | Reached skill level 5 in Armour
  1095 | D:5      | Entered Level 5 of the Dungeon
  1110 | D:5      | Reached skill level 6 in Axes
  1110 | D:5      | Reached skill level 5 in Shields
  1193 | D:5      | Reached XP level 8. HP: 37/73 MP: 5/5
  1231 | D:5      | Noticed Sigmund
  1250 | D:5      | Killed Sigmund
  1250 | D:5      | Reached skill level 7 in Axes
  1443 | D:5      | Noticed Menkaure
  1455 | D:5      | Killed Menkaure
  1455 | D:5      | Reached skill level 5 in Fighting
  1461 | D:5      | Noticed Grinder
  1467 | D:5      | Paralysed by Grinder for 6 turns
  1476 | D:5      | Paralysed by Grinder for 2 turns
  1481 | D:5      | Killed Grinder
  1554 | D:5      | Reached skill level 8 in Axes
  1813 | D:6      | Gained mutation: You passively map the area around you.
                  | [Deep Dwarf growth]
  1813 | D:6      | Reached XP level 9. HP: 62/81 MP: 4/4
  1871 | D:6      | Noticed Edmund
  1887 | D:6      | Killed Edmund
  1889 | D:6      | Reached skill level 9 in Axes
  1921 | D:6      | Found a staircase to the Ecumenical Temple.
  1934 | Temple   | Entered the Ecumenical Temple
  2315 | D:6      | Found Biagiuma's Distillery.
  2335 | D:6      | Bought a potion of resistance for 140 gold pieces
  2877 | D:7      | Reached skill level 10 in Axes
  3101 | D:7      | Found a snail-covered altar of Cheibriados.
  3265 | D:8      | Reached XP level 10. HP: 79/92 MP: 3/3
  4078 | D:9      | Reached skill level 11 in Axes
  4157 | D:9      | Found a staircase to the Lair.
  4259 | D:9      | Noticed a two-headed ogre
  4264 | D:9      | Killed a two-headed ogre
  4372 | D:9      | Reached XP level 11. HP: 65/100 MP: 4/4
  4704 | D:9      | Found a burning altar of Makhleb.
  4732 | D:9      | Became a worshipper of Makhleb the Destroyer
  4770 | D:10     | Entered Level 10 of the Dungeon
  4868 | D:10     | Reached skill level 1 in Invocations
  4908 | D:10     | Noticed Snorg
  5013 | D:10     | Got a spiked hat
  5050 | D:9      | Identified the +0 hat "Ypadd" {+Inv rC+++ MR- Regen+} (You
                  | found it on level 10 of the Dungeon)
  5149 | D:10     | Noticed Josephine
  5159 | D:10     | Reached skill level 5 in Invocations
  5191 | D:10     | Killed Josephine
  5191 | D:10     | Reached * piety under Makhleb
  5208 | D:10     | Reached skill level 12 in Axes
  5280 | D:10     | Found the +12 Vampire's Tooth {vamp}
  5349 | D:10     | Noticed Psyche
  5363 | D:10     | Killed Psyche
  5363 | D:10     | Reached skill level 1 in Short Blades
  5452 | D:10     | Found a bloodstained altar of Trog.
  5703 | D:11     | Got a pair of crude gloves
  5714 | D:11     | Identified the +2 pair of gloves of Gebifu Imeab {rElec rF+
                  | Stlth+} (You found it on level 11 of the Dungeon)
  5748 | D:11     | Noticed a two-headed ogre
  5764 | D:11     | Killed a two-headed ogre
  5846 | D:11     | Reached skill level 5 in Short Blades
  5926 | D:11     | Reached ** piety under Makhleb
  6112 | D:11     | Noticed Nergalle
  6147 | D:11     | Killed Nergalle
  6147 | D:11     | Reached XP level 12. HP: 97/110 MP: 6/6
  6667 | D:12     | Reached *** piety under Makhleb
  6851 | D:12     | Found a staircase to the Orcish Mines.
  6881 | D:12     | Reached skill level 13 in Axes
  6881 | D:12     | Reached skill level 10 in Armour
  6895 | D:12     | Got a translucent chain mail
  6896 | D:12     | Identified the +9 chain mail of the Unbroken {+Blink rF-
                  | Regen+ Dex+6} (You found it on level 12 of the Dungeon)
  6936 | D:12     | Reached skill level 10 in Shields
  7284 | D:12     | Reached **** piety under Makhleb
  7457 | D:13     | Noticed a ghoul
  7496 | D:13     | Killed a ghoul
  7513 | D:13     | Noticed a ghoul
  7546 | D:13     | Killed a ghoul
  7624 | D:13     | Noticed a ghoul
  7652 | D:13     | Killed a ghoul
  7652 | D:13     | Reached XP level 13. HP: 113/121 MP: 7/7
  7689 | D:13     | Noticed a ghoul
  7719 | D:13     | Killed a ghoul
  7728 | D:13     | Reached skill level 14 in Axes
  7819 | D:13     | Noticed a ghoul
  7903 | D:13     | Killed a ghoul
  8295 | D:13     | Found a gate to the Vaults.
  8427 | D:13     | Noticed Azrael
  8486 | D:13     | Killed Azrael
  8500 | D:13     | Reached ***** piety under Makhleb
  8537 | D:13     | Reached skill level 15 in Axes
  9003 | D:14     | Reached skill level 10 in Fighting
  9067 | D:14     | Gained mutation: You resist negative energy. (rN+) [Deep
                  | Dwarf growth]
  9067 | D:14     | Reached XP level 14. HP: 113/132 MP: 7/7
  9216 | D:15     | Entered Level 15 of the Dungeon
  9341 | D:15     | Reached skill level 16 in Axes
  9360 | D:15     | Reached ****** piety under Makhleb
  9377 | D:15     | Noticed Jorgrun
  9399 | D:15     | Killed Jorgrun
  9732 | D:15     | Found a staircase to the Depths.
 10030 | Lair:1   | Entered Level 1 of the Lair of Beasts
 10387 | Lair:2   | Found a staircase to the Snake Pit.
 10648 | Lair:2   | Found a runed translucent gate.
 10648 | Lair:2   | Found a runed translucent gate.
 10649 | Lair:2   | Found a runed translucent gate.
 10652 | Lair:2   | Noticed Irchumiyd's ghost (journeyman DEAE)
 11115 | Lair:3   | Reached XP level 15. HP: 141/141 MP: 8/8
 11272 | Lair:3   | Found a staircase to the Shoals.
 11311 | Lair:3   | Noticed Fannar
 11337 | Lair:3   | Killed Fannar
 11518 | Lair:3   | Reached skill level 17 in Axes
 11558 | Lair:3   | Noticed Urug
 11580 | Lair:3   | Killed Urug
 11900 | Shoals:1 | Entered Level 1 of the Shoals
 12068 | Shoals:2 | Found an ancient bone altar of Kikubaaqudgha.
 12486 | Shoals:4 | Entered Level 4 of the Shoals
 12486 | Shoals:4 | Found a snail-covered altar of Cheibriados.
 12563 | Shoals:4 | Noticed Louise
 12580 | Shoals:4 | Killed Louise
 12669 | Shoals:4 | Got a barnacled rune of Zot
 12828 | Snake:1  | Entered Level 1 of the Snake Pit
 12863 | Snake:1  | Reached skill level 18 in Axes
 13042 | Snake:1  | Reached XP level 16. HP: 85/152 MP: 7/7
 13154 | Snake:2  | Found a snail-covered altar of Cheibriados.
 13279 | Snake:3  | Noticed Vashnia
 13316 | Snake:3  | Killed Vashnia
 13343 | Snake:4  | Entered Level 4 of the Snake Pit
 13411 | Snake:4  | Found Reacliat's Weapon Emporium.
 13716 | Snake:4  | Reached skill level 19 in Axes
 14343 | Snake:4  | Reached XP level 17. HP: 58/162 MP: 6/6
 14451 | Snake:4  | Reached skill level 15 in Armour
 14498 | Snake:4  | Reached skill level 15 in Shields
 14533 | Snake:4  | Got a serpentine rune of Zot
 14862 | Vaults:1 | Entered Level 1 of the Vaults
 14920 | Vaults:1 | Reached skill level 20 in Axes
 15457 | Vaults:3 | HP: 1/164 [yaktaur captain/bolt (16)]
 15461 | Vaults:3 | Shot with a bolt by a yaktaur

Levels and vault maps discovered:
D:1:      sevenhm_arrival_forest_fort_large_4, layout_basic
D:2:      layout_basic, fiery_altar_vehumet, lemuel_round_altar,
          chequers_ecumenical_altar_island, first_ration, uniq_robin,
          uniq_terence
D:3:      layout_rooms, grunt_temple_overflow_diamond
D:4:      layout_loops_cross, fedhas_bush_and_centaur_altar, uniq_duvessa,
          uniq_ijyb
D:5:      layout_rooms, uniq_grinder, uniq_menkaure, uniq_sigmund
D:6:      layout_loops_ring, minmay_temple_entry_enclosed_plants, serial_shops,
          shop, serial_bayou_lagoon_b, uniq_edmund
D:7:      layout_cave_pools, marbit_many_paths
D:8:      layout_loops_ring, serial_bayou_pond_b, grunt_livestock
D:9:      layout_roguey, demons_altar, lair_entry_dummy, serial_glass,
          glass_columns_a, glass_columns_a
D:10:     layout_long_grid, basic_altar, minmay_guarded_unrand_vampires_tooth,
          uniq_josephine, uniq_snorg, uniq_psyche
D:11:     kennysheep_blocky_room, layout_irregular_city, uniq_nergalle
D:12:     layout_irregular_city, david_orc_2
D:13:     layout_stronghold, grunt_vaults_entry_fortified, serial_undead,
          serial_undead_c, serial_undead_a, serial_undead_b, serial_undead_d,
          serial_undead_e, serial_undead_b, serial_undead_d, uniq_azrael
D:14:     layout_big_octagon, minmay_staircase_windowed_large
D:15:     grunt_enter_depths_hoard, layout_cave_pools,
          chequers_serial_rivers_large_a, uniq_jorgrun
Temple:   regret_index_temple_generic_petals
Lair:1:   layout_gridlike, grunt_megastairs_3, minmay_lair_oklob_chamber,
          uniq_maggie
Lair:2:   lemuel_reptile_caves, layout_chaotic_city,
          guppyfry_snake_entry_garden, ebering_ghost_rock_garden
Lair:3:   layout_roguey, shoals_dummy_entry, chequers_serial_rivers_micro_d,
          minmay_holes, minivault_19, grunt_forest_large_clearing_hut,
          uniq_fannar, uniq_urug
Lair:4:   layout_layer_cave, gauntlet_entry_generic,
          chequers_serial_rivers_micro_b, lookout_lair_type,
          kennysheep_basilisk_garden, lemuel_fruit_tree, serial_bayou_shore_a
Shoals:1: layout_shoals, uniq_kirke
Shoals:2: layout_shoals, serial_shops, shop, lemuel_oklob_altar, uniq_polyphemus
Shoals:3: layout_shoals, portal_ice_cave_entry_pillars_2
Shoals:4: shoals_end_hangedman, layout_shoals, nicolae_shoals_square_sea_wall,
          hangedman_feature_mirror, uniq_louise
Snake:1:  layout_basic, uniq_rupert
Snake:2:  layout_rooms, basic_altar
Snake:3:  layout_chambers, grunt_ministairs_14, guppyfry_snake_island,
          uniq_vashnia, uniq_donald
Snake:4:  snake_pit_salamanders_mu, layout_cave_town, serial_shops, shop
Vaults:1: vaults_standard_mumra_x, nicolae_vaults_windows_and_doors_thing,
          vaults_dpeg_encased_lava, grunt_vaults_hallway_short,
          dpeg_vaults_monster_box, layout_vaults_omnigrid, mu_enter_wizlab_3
Vaults:2: ontoclasm_vaults_water_temple, minmay_crypt_entry_necro_gods,
          nicolae_vaults_theta, vaults_room_semicircle, hangedman_vaults_snaps,
          ontoclasm_vaults_twist, nicolae_vaults_circle_grid_a,
          ontoclasm_vaults_chip, v_rooms_3, hangedman_vaults_corner_blocks,
          vaults_mumra_hex, v_pattern_3, layout_vaults_omnicross, serial_shops,
          nicolae_shop_trees
Vaults:3: nicolae_vaults_meeting, vaults_mumra_lcd, v_misc_16, v_pattern_2,
          grunt_vaults_funnel, ontoclasm_vaults_eye,
          nicolae_vaults_shelves_hall, hangedman_vaults_nails,
          nicolae_vaults_mini_display_case, vaults_mumra_hexcomb,
          vaults_dpeg_diagonal, layout_vaults_big_room

Skill      XL: |  1  2  3  4  5  6  7  8  9 10 11 12 13 14 15 16 17 |
---------------+----------------------------------------------------+-----
Fighting       | 3 4 5 6 7 9 10 11 12 13 | 13.4
Axes           | 3 4 5 6 8 10 11 12 13 15 16 18 19 20 | 20.5
Armour         | 4 5 6 7 9 10 11 12 13 14 15 | 15.6
Shields        | 4 5 6 7 9 10 11 12 13 14 15 | 15.5
Invocations    | 6 |  6.8
Short Blades   | 6 |  6.2

Action                   |  1- 3 |  4- 6 |  7- 9 | 10-12 | 13-15 | 16-18 || total
-------------------------+-------+-------+-------+-------+-------+-------++-------
Melee: War axe           |    72 |   106 |   407 |   417 |   486 |       ||  1488
       Quick blade       |       |       |       |   773 |   749 |       ||  1522
       Broad axe         |       |       |       |       |   445 |   865 ||  1310
Invok: Greater Servant o |       |       |       |       |       |     2 ||     2
 Abil: Heal Wounds       |     2 |     9 |    13 |    20 |    16 |    20 ||    80
Evoke: Wand              |       |       |       |     8 |       |       ||     8
  Use: Scroll            |       |       |    14 |     6 |    11 |     5 ||    36
       Potion            |       |       |       |       |     4 |    16 ||    20
 Stab: Sleeping          |       |       |       |       |     2 |       ||     2
       Confused          |       |       |       |       |     1 |       ||     1
  Eat: Chunk             |       |       |     9 |    22 |    16 |     2 ||    49
       Ration            |       |       |       |       |     1 |     2 ||     3
Armor: Scale mail        |    44 |    58 |   145 |       |       |       ||   247
       Chain mail        |       |       |    69 |   501 |   968 |   462 ||  2000
       Skin              |       |       |       |       |       |    49 ||    49
Dodge: Dodged            |    40 |    22 |   111 |   196 |   383 |   212 ||   964
Block: Kite shield       |    51 |    66 |   207 |   584 |   981 |   630 ||  2519

Table legend:
 A = Non-vault XP
 B = Vault XP
 C = Vault XP percentage of total XP
 D = Non-vault monster count
 E = Vault monster count
 F = Vault count percentage of total count
                 A         B        C        D         E       F
            +---------+---------+-------+---------+---------+-------
      Total |  162455 |  123527 |  43.2 |     607 |     256 |  29.7
            +---------+---------+-------+---------+---------+-------
        D:1 |      11 |       0 |   0.0 |       5 |       0 |   0.0
        D:2 |       7 |      31 |  81.6 |       1 |      11 |  91.7
        D:3 |      12 |       0 |   0.0 |       7 |       0 |   0.0
        D:4 |     397 |     385 |  49.2 |      20 |       4 |  16.7
        D:5 |     843 |     683 |  44.8 |      21 |       3 |  12.5
        D:6 |    1286 |     173 |  11.9 |      29 |       1 |   3.3
        D:7 |    1639 |      42 |   2.5 |      33 |       1 |   2.9
        D:8 |     788 |    1016 |  56.3 |      27 |       5 |  15.6
        D:9 |    4377 |     121 |   2.7 |      41 |       3 |   6.8
       D:10 |    1017 |    4073 |  80.0 |      18 |      14 |  43.8
       D:11 |    6862 |    2375 |  25.7 |      41 |       9 |  18.0
       D:12 |    6605 |     284 |   4.1 |      41 |       8 |  16.3
       D:13 |    7823 |   18952 |  70.8 |      39 |      36 |  48.0
       D:14 |    6651 |       0 |   0.0 |      21 |       0 |   0.0
       D:15 |   21961 |    4865 |  18.1 |      51 |       3 |   5.6
     Lair:1 |     354 |     659 |  65.1 |       3 |       2 |  40.0
     Lair:2 |    2760 |    2184 |  44.2 |      10 |      27 |  73.0
     Lair:3 |    8724 |    3644 |  29.5 |      33 |       7 |  17.5
     Lair:4 |     557 |     589 |  51.4 |       6 |       3 |  33.3
   Shoals:1 |    4458 |       0 |   0.0 |      10 |       0 |   0.0
   Shoals:2 |    5258 |       0 |   0.0 |      13 |       0 |   0.0
   Shoals:3 |    3123 |       0 |   0.0 |       7 |       0 |   0.0
   Shoals:4 |    2617 |   13449 |  83.7 |       5 |      16 |  76.2
    Snake:1 |   18094 |       0 |   0.0 |      32 |       0 |   0.0
    Snake:2 |    9038 |       0 |   0.0 |      18 |       0 |   0.0
    Snake:3 |    1433 |    7446 |  83.9 |       2 |       4 |  66.7
    Snake:4 |   20523 |   46350 |  69.3 |      32 |      68 |  68.0
   Vaults:1 |    3374 |    5016 |  59.8 |       8 |       6 |  42.9
   Vaults:2 |   16745 |    6732 |  28.7 |      27 |      20 |  42.6
   Vaults:3 |    5118 |    4458 |  46.6 |       6 |       5 |  45.5
            +---------+---------+-------+---------+---------+-------
